 Dungeon Crawl Stone Soup version 0.29-a0-375-g5102b3be25 (webtiles) character file.

Game seed: 7670185088079805090

7 domi the Magician (level 1, 0/19 HPs)
             Began as a Demonspawn Hedge Wizard on May 3, 2022.
             Succumbed to an adder's poison
             ... on level 1 of the Dungeon.
             The game lasted 00:00:44 (699 turns).

domi the Magician (Demonspawn Hedge Wizard)          Turns: 699, Time: 00:00:45

Health: 0/19       AC: 20    Str: 10    XL:     1   Next: 83%
Magic:  0/4        EV:  2    Int: 15    God:
Gold:   26         SH:  0    Dex: 12    Spells: 5/6 levels left

rFire   . . .      SeeInvis .   a - +0 dagger
rCold   . . .      Faith    .   (no shield)
rNeg    . . .      Spirit   .   (body armour currently unavailable)
rPois   +          Reflect  .   (helmet currently unavailable)
rElec   .          Harm     .   (cloak currently unavailable)
rCorr   .          Rampage  .   (gloves currently unavailable)
Will    .....      NoTele   +   (boots currently unavailable)
Stlth   ++........              (no amulet)
HPRegen 0.06/turn               (no ring)
MPRegen 0.09/turn               (no ring)

@: lethally poisoned (0 -> -1), tree-form
A: stationary, stasis, torment immunity, boosted hp
a: no special abilities


You were on level 1 of the Dungeon.
You were a tree.
You visited 1 branch of the dungeon, and saw 2 of its levels.

You collected 26 gold pieces.

Inventory:

Hand Weapons
 a - a +0 dagger (weapon)
Missiles
 l - 3 boomerangs (quivered)
Armour
 b - a +0 robe (melded)
 c - a +0 hat (melded)
 j - a +0 cloak
   (You found it on level 1 of the Dungeon)
Scrolls
 e - 2 scrolls of enchant armour {unknown}
 g - a scroll of acquirement {unknown}
 h - a scroll of identify {unknown}
 i - a scroll of teleportation {unknown}
 k - a scroll of noise {unknown}
Potions
 d - a potion of magic


   Skills:
 - Level 1.7 Dodging
 - Level 1.7 Stealth
 - Level 3.0 Spellcasting
 + Level 2.0 Conjurations
 - Level 1.0 Summonings
 - Level 0.8 Translocations


You had 5 spell levels left.
You knew the following spells:

 Your Spells              Type           Power      Damage    Failure   Level
z - Magic Dart            Conj           32%        1d4       9%          1

Your spell library contained the following spells:

 Spells                   Type           Power      Damage    Failure   Level
 Slow                     Hex            8%         N/A       21%         1
 Call Imp                 Summ           5%         N/A       21%         2
 Blink                    Tloc           8%         N/A       22%         2
 Conjure Flame            Conj/Fire      5%         6-21      36%         3
 Mephitic Cloud           Conj/Pois/Air  4%         N/A       43%         3


Dungeon Overview and Level Annotations

Branches:
Dungeon (2/15)

Altars:


Message History

A quokka comes into view.
MP restored: 4 A quokka is nearby!
A quokka is nearby!
A quokka is nearby!
Aim: a quokka (100% to hit)
The magic dart hits the quokka.
You now have 3/4 mp.
Aim: a quokka (heavily wounded, 100% to hit)
You miscast Magic Dart.
You are very lightly contaminated with residual magic.
Nothing appears to happen.
You now have 2/4 mp.
Aim: a quokka (heavily wounded, 100% to hit)
The magic dart hits the quokka.
You now have 1/4 mp.
Aim: a quokka (severely wounded, 100% to hit)
The magic dart hits the quokka.
You kill the quokka!
Your Conjurations skill increases to level 2!
You now have 0/4 mp.
You don't have enough magic to cast this spell.
You don't have enough magic to cast this spell.
Your magical contamination has completely faded away.
You now have 26 gold pieces (gained 5).
You open the door.
There is an open door here.
Done exploring.
MP restored: 4 Done exploring.
Done exploring.
Done exploring.
Done exploring.
(D) Dungeon
Where to? (? - help)
You see here a quokka corpse.
There is an open door here.
There is an open door here.
There is an open door here.
There is a stone staircase leading down here.
You climb downwards.
There is a stone staircase leading up here.
There are monsters nearby!
There are monsters nearby!
There are monsters nearby!
There are monsters nearby!
Aim: an adder (asleep, 100% to hit)
The magic dart hits the adder.
The adder hisses angrily.
You now have 3/4 mp.
Aim: an adder (moderately wounded, 100% to hit)
The magic dart hits the adder.
You now have 2/4 mp.
Aim: an adder (moderately wounded, 100% to hit)
The magic dart hits the adder.
You now have 1/4 mp.
Aim: an adder (heavily wounded, 100% to hit)
The magic dart hits the adder.
The adder closely misses you. The adder bites you.
You take 2 damage, and have 11/13 hp.
You now have 0/4 mp.
You don't have enough magic to cast this spell.
You don't have enough magic to cast this spell.
You don't have enough magic to cast this spell.
You don't have enough magic to cast this spell.
Unknown command.
You closely miss the adder. The adder misses you. The adder barely misses you.
You climb upwards.
There is a stone staircase leading down here.
You barely miss the adder. The adder barely misses you.
The adder bites you but does no damage.
You miss the adder. The adder bites you.
You are poisoned.
The adder poisons you!
You take 3 damage, and have 8/13 hp.
MASSIVE DAMAGE!!
You miss the adder.
You feel sick. The adder bites you.
You take 4 damage, and have 4/13 hp.
MASSIVE DAMAGE!!
You miss the adder.
* * * LOW HITPOINT WARNING * * *
You feel sick. The adder bites you but does no damage.
The adder completely misses you.
You take 1 damage, and have 3/13 hp.
* * * LOW HITPOINT WARNING * * *
You feel sick.
You take 1 damage, and have 2/13 hp.
Aim: an adder (almost dead, 100% to hit)
The magic dart hits the adder but does no damage.
* * * LOW HITPOINT WARNING * * *
You feel sick. The adder bites you but does no damage.
You take 1 damage, and have 1/13 hp.
You now have 0/4 mp.
It was a potion of lignification.
You turn into a tree.
Your +0 hat melds into your body.
Your +0 robe melds into your body.
Your roots penetrate the ground.
* * * LOW HITPOINT WARNING * * *
You feel sick. The adder bites you but does no damage.
You now have 1/19 hp.
You hit the adder but do no damage.
You die...

#...# # #...# # #...# #
#...# # ######...# #
#....#...###### #
#.##.'...#....# #
#.####...#....########
#....♣S...............
######........########
########................
#.........#####.........
#.#######.# #.....####
#.#.....#.# #.....#
#.#.###.#.# #.....#
#.#.#.#.#.# #######
#.#.#.#.#.#


You could see an adder.

Vanquished Creatures
  2 hobgoblins (D:1)
  2 quokkas (D:1)
  A frilled lizard (D:1)
  A kobold (D:1)
6 creatures vanquished.

Notes
Turn   | Place    | Note
-------+----------+-------------------------------------------
     0 | D:1      | domi the Demonspawn Hedge Wizard began the quest for the
                  | Orb.
     0 | D:1      | Reached XP level 1. HP: 13/13 MP: 4/4
    75 | D:1      | Found a faded altar of an unknown god.
   540 | D:1      | Reached skill level 2 in Conjurations
   695 | D:1      | HP: 3/13 [poisoned by an adder]
   697 | D:1      | HP: 1/13 [poisoned by an adder]
   699 | D:1      | Succumbed to an adder's poison

Illustrated notes

Levels and vault maps discovered:
D:1:      giann_bridges, layout_basic, chequers_ecumenical_altar_simple_redux
D:2:      wander_river, layout_basic, serial_shops, nicolae_shop_behind_doors,
          nicolae_shop_statue_plus, minmay_tromino_v4_a, uniq_natasha,
          uniq_terence

Skill      XL: |  1 |
---------------+----+-----
Conjurations   | 2 |  2.0
Dodging        | |  1.7
Stealth        | |  1.7
Spellcasting   | |  3.0
Summonings     | |  1.0
Translocations | |  0.8

Action                   || total
-------------------------++-------
Melee: Dagger            ||     7
Throw: Boomerang         ||     2
 Cast: Magic Dart        ||    18
  Use: Potion            ||     1
Armor: Robe              ||     3
       Skin              ||     1
Dodge: Dodged            ||     5

Table legend: (Time is in decaauts)
 A = Elapsed time spent in this place.
 B = Non-inter-level travel time spent in this place.
 C = Inter-level travel time spent in this place.
 D = Time resting spent in this place.
 E = Time spent auto-exploring this place.
 F = Levels seen in this place.
 G = Mean time per level.
                   A        B        C        D        E       F      G
               +--------+--------+--------+--------+--------+-----+--------+
         Total |    699 |    644 |     55 |      0 |    573 |   2 |  349.5 |
       Dungeon |    699 |    644 |     55 |      0 |    573 |   2 |  349.5 |
               +--------+--------+--------+--------+--------+-----+--------+

Top non-repeatable levels by time:
     D:1: 693 daAuts
     D:2: 6 daAuts

Table legend:
 A = Kills in this place as a percentage of kills in entire the game.
 B = Kills by you in this place as a percentage of kills by you in the entire game.
 C = Kills by friends in this place as a percentage of kills by friends in the entire game.
 D = Other kills in this place as a percentage of other kills in the entire game.
 E = Experience gained in this place as a percentage of experience gained in the entire game.
 F = Experience gained in this place divided by the number of levels of this place that you have seen.
                   A       B       C       D       E      F
               +-------+-------+-------+-------+-------+----------------------
         Total | 100.0 | 100.0 |   N/A |   N/A | 100.0 |   5.0
       Dungeon | 100.0 | 100.0 |   N/A |   N/A | 100.0 |   5.0
               +-------+-------+-------+-------+-------+----------------------
